Map: Stargazers

Players

diembius

  • Race: Zerg Zerg
  • Spawn Location: 1:00

VOD

Have the link to the VOD?

Description

Dont look. Just my nooby curiosity of a bot's build

Time

  • Played on: Nov. 30, 2022, 9:36 a.m.
  • Length: 5:29
Show
View Real Time Build Order
Export as new Build Order

diembius Zerg 

Build Orders:  

Get SALT Encoding   

  12  0:00  Drone  
  13  0:18  Overlord  
  13  0:27  Drone  
  14  0:43  Drone x2  
  16  0:50  Drone  
  17  1:03  Spawning Pool  
  17  1:06  Drone  
  17  1:36  Hatchery  
  16  1:43  Drone  
  16  1:48  Extractor  
  16  1:52  Drone x2  
  18  2:05  Drone  
  19  2:12  Queen  
  21  2:21  Overlord  
  21  2:34  Drone  
  22  2:50  Zergling x2  
  23  3:05  Zergling x2  
  24  3:19  Zergling x4  
  26  3:32  Zergling x2  
  26  3:34  Zergling x2  
  28  3:44  Queen  
  30  3:53  Overlord  
  30  3:54  Drone x3  
  33  4:01  Drone  
  33  4:04  Metabolic Boost  
  33  4:06  Drone  
  35  4:11  Drone  
  35  4:18  Drone  
  37  4:26  Drone  
  38  4:31  Roach Warren  
  38  4:34  Drone  
  38  4:35  Drone x3  
  41  4:47  Drone  
  40  4:53  Drone  
  35  5:18  Spine Crawler  
  31  5:21  Spine Crawler  
Tags
 
Matchup
Co-op
Add a new tag
Caveats
  • Supply blocks, unpowered buildings, or Contaminate may cause inaccurate times.
  • Supply counts are checked every 10 seconds.